 Dungeon Sprint DCSS version 0.31-a0-1576-ga3383bade6 (webtiles) character file.

Game seed: 8386403243431367959

249 sircluck the Ruffian (level 5, 0/61 HPs)
             Began as a Troll Berserker on Jan 4, 2024.
             Was a Priest of Trog.
             Slain by a scorpion (3 damage)
             ... in the Dungeon (Sprint IV: "Fedhas' Mad Dash").
             The game lasted 00:00:49 (219 turns).

sircluck the Ruffian (Troll Berserker)               Turns: 219, Time: 00:00:49

Health: 0/61       AC:  4    Str: 27    XL:     5   Next: 86%
Magic:  4/4        EV: 11    Int:  3    God:    Trog [***...]
Gold:   53         SH:  0    Dex:  9    Spells: 4/4 levels left

rFire   . .          .
                       - Unarmed
rCold   . . .        (no shield)
rNeg    . . .        a - +0 animal skin
rPois   .            (helmet restricted)
rElec   .            (no cloak)
rCorr   .            (gloves unavailable)
SInv    .            (boots unavailable)
Will    .....        i - amulet of invisibility {+Inv}
Stlth   +            (no ring)
HPRegen 1.10/turn    (no ring)
MPRegen 0.09/turn

%: no teleportation
@: lethally poisoned (0 -> -5)
A: large, unfitting armour, claws 3, regeneration 1, shaggy fur 1, tough skin 1
a: Renounce Religion, Evoke Invisibility, Berserk, Trog's Hand


You were in the Dungeon.
You worshipped Trog.
Trog was most pleased with you.
You visited 1 branch You collected 53 gold pieces.

Inventory:

Armour
 a - a +0 animal skin (worn)
Jewellery
 i - the amulet of invisibility (around neck) {+Inv}
   (You found it in the Dungeon)

   [amulet of nothing]

   +Inv:      It lets you turn invisible.
Wands
 j - a wand of roots (13)
Scrolls
 g - a scroll of blinking
 h - a scroll of revelation {unknown}
Potions
 b - a potion of curing
 c - a potion of heal wounds
 d - a potion of haste
 e - 2 potions of magic
 f - a potion of berserk rage


   Skills:
 + Level 6.4 Fighting
 + Level 6.3 Dodging
 + Level 7.6 Unarmed Combat


You had 4 spell levels left.
You didn't know any spells.
Your spell library was empty.

Dungeon Overview and Level Annotations

Branches:
Dungeon (1/1)

Altars:
Cheibriados
Dithmenos
Elyvilon
Gozag
Hepliaklqana
Kikubaaqudgha
Makhleb
Nemelex Xobeh
Okawaru
Qazlal
Ru
Sif Muna
Trog
Uskayaw
Vehumet
Wu Jian
Xom
Yredelemnul
Zin
The Shining One
Jiyva
Lugonu


Innate Abilities, Weirdness & Mutations

You are too large for most types of armour.
You have claws for hands.
Your natural rate of healing is unusually fast.
You are covered in fur. (AC +1)
You have tough skin. (AC +1)


Message History

The spriggan burns you. The scorpion closely misses you.
You are too injured to fight recklessly!
You are too injured to fight recklessly!
You are too injured to fight recklessly!
You are too injured to fight recklessly!
You are too injured to fight recklessly!
You are too injured to fight recklessly!
You are too injured to fight recklessly!
You are too injured to fight recklessly!
You are too injured to fight recklessly!
You are too injured to fight recklessly!
You closely miss the spriggan.
The spriggan is severely wounded.
You feel very sick. The spriggan closely misses you.
The scorpion stings you but does no damage.
You scratch the spriggan.
The spriggan is almost dead.
You feel very sick. The spriggan closely misses you. The scorpion stings you.
You scratch the spriggan.
You kill the spriggan!
Trog accepts your kill.
You feel sick. The scorpion stings you.
Unknown command.
Unknown command.
You barely miss the scorpion.
You feel sick. The scorpion stings you.
* * * LOW HITPOINT WARNING * * *
You claw the scorpion!
The scorpion is severely wounded.
You feel sick. The scorpion stings you!
* * * LOW HITPOINT WARNING * * *
You are lethally poisoned!
The scorpion poisons you!
You closely miss the scorpion.
The scorpion is severely wounded.
* * * LOW HITPOINT WARNING * * *
You feel very sick. The scorpion stings you.
You die...

#####################
.⌠._._._._.⌠.#..@$..#
.._._._._._..'..#s.$#
..._._._._...#..###+#
.._._._._._..#.|#
._._._._._.⌠.####
##############


You could see a scorpion.

Vanquished Creatures
  A scorpion (D)
  4 oklob saplings (D)
  2 spriggans (D)
  A river rat (D)
  A rat (D)
9 creatures vanquished.

Notes
Turn   | Place    | Note
-------+----------+-------------------------------------------
     0 | D        | sircluck the Troll Berserker began the quest for the Orb.
     0 | D        | Reached XP level 1. HP: 22/22 MP: 0/0
    16 | D        | Reached XP level 2. HP: 15/31 MP: 1/1
    20 | D        | Noticed an oklob sapling
    23 | D        | Killed an oklob sapling
    24 | D        | Reached skill level 4 in Unarmed Combat
    24 | D        | Reached XP level 3. HP: 29/39 MP: 2/2
    24 | D        | Reached ** piety under Trog
    44 | D        | Noticed a scorpion
    44 | D        | Found the amulet of invisibility {+Inv}
    53 | D        | Killed a scorpion
    54 | D        | Reached skill level 5 in Unarmed Combat
    54 | D        | Reached XP level 4. HP: 24/49 MP: 3/3
    99 | D        | Reached skill level 5 in Fighting
    99 | D        | Reached skill level 5 in Dodging
    99 | D        | Reached skill level 6 in Unarmed Combat
   113 | D        | Found an opulent altar of Gozag.
   113 | D        | Found a hazy altar of Hepliaklqana.
   113 | D        | Found a burning altar of Makhleb.
   113 | D        | Found a sparkling altar of Nemelex Xobeh.
   113 | D        | Found a snail-covered altar of Cheibriados.
   113 | D        | Found a sacrificial altar of Ru.
   113 | D        | Found a shimmering blue altar of Sif Muna.
   113 | D        | Found a shimmering altar of Xom.
   113 | D        | Found a basalt altar of Yredelemnul.
   114 | D        | Found a viscous altar of Jiyva.
   114 | D        | Found a bloodstained altar of Trog.
   114 | D        | Found an ornate altar of the Wu Jian Council.
   128 | D        | Found an iron altar of Okawaru.
   128 | D        | Found a glowing silver altar of Zin.
   128 | D        | Found a shadowy altar of Dithmenos.
   129 | D        | Found an ancient bone altar of Kikubaaqudgha.
   129 | D        | Found a hide-covered altar of Uskayaw.
   130 | D        | Found a stormy altar of Qazlal.
   130 | D        | Found a glowing golden altar of the Shining One.
   130 | D        | Found a white marble altar of Elyvilon.
   131 | D        | Found a corrupted altar of Lugonu.
   131 | D        | Found a radiant altar of Vehumet.
   139 | D        | Reached XP level 5. HP: 8/59 MP: 4/4
   197 | D        | Reached *** piety under Trog
   198 | D        | Reached skill level 7 in Unarmed Combat
   219 | D        | HP: 3/61 [poisoned by a scorpion]
   219 | D        | Slain by a scorpion

Illustrated notes

Levels and vault maps discovered:
D:        dungeon_sprint_fedhas [sprint_temple]

Skill      XL: |  1  2  3  4  5 |
---------------+----------------+-----
Fighting       | 3 4 5 6 |  6.4
Dodging        | 3 4 5 6 |  6.3
Unarmed Combat | 4 5 6 7 |  7.6

Action                     |  1- 3 |  4- 6 || total
---------------------------+-------+-------++-------
  Melee: Unarmed           |    23 |    15 ||    38
         Punch             |     2 |       ||     2
 Armour: Animal skin       |    17 |    14 ||    31
  Dodge: Dodged            |    15 |     4 ||    19

Table legend: (Time is in decaauts)
 A = Elapsed time spent in this place.
 B = Non-inter-level travel time spent in this place.
 C = Inter-level travel time spent in this place.
 D = Time resting spent in this place.
 E = Time spent auto-exploring this place.
 F = Levels seen in this place.
 G = Mean time per level.
                   A        B        C        D        E       F      G
               +--------+--------+--------+--------+--------+-----+--------+
         Total |    215 |    215 |      0 |     20 |     91 |   1 |  215.0 |
       Dungeon |    215 |    215 |      0 |     20 |     91 |   1 |  215.0 |
               +--------+--------+--------+--------+--------+-----+--------+

Top non-repeatable levels by time:
       D: 215 daAuts
